 Dungeon Crawl Stone Soup version 0.19.5 (webtiles) character file.

28 McKennaii the Gusty (level 3, 0/21 HPs)
             Began as a High Elf Air Elementalist on Apr 18, 2017.
             Slain by an adder (1 damage)
             ... on level 1 of the Dungeon.
             The game lasted 00:02:22 (826 turns).

McKennaii the Gusty (High Elf Air Elementalist)      Turns: 826, Time: 00:02:22

Health: 0/21       AC:  3    Str:  7    XL:     3   Next: 0%
Magic:  3/8        EV: 13    Int: 19    God:
Gold:   66         SH:  0    Dex: 16    Spells: 3 memorised, 2 levels left

rFire  . . .     SeeInvis .     (no weapon)
rCold  . . .     Gourm    .     a - +0 robe
rNeg   . . .     Faith    .     (no shield)
rPois  .         Spirit   .     (no helmet)
rElec  .         Reflect  .     j - +0 cloak
rCorr  .         Harm     .     (no gloves)
MR     .....                    (no boots)
Stlth  ++........               (no amulet)
                                (no ring)
                                (no ring)

@: lethally poisoned (0 -> -2), repel missiles
A: no striking features
a: no special abilities


You were on level 1 of the Dungeon.
You were not hungry.

You visited 1 branch of the dungeon, and saw 2 of its levels.

You collected 66 gold pieces.

Inventory:

Armour
 a - a +0 robe (worn)
 j - a +0 cloak (worn)
Scrolls
 e - a scroll of recharging {unknown}
 g - a scroll of identify {unknown}
 i - a scroll of teleportation {unknown}
Potions
 d - a potion of curing {unknown}
 f - a potion of might {unknown}
 h - 2 potions of flight {unknown}
 l - a potion of invisibility {unknown}
Books
 b - a book of Air

   Spells                             Type                      Level
   a - Shock                          Conjuration/Air              1
   b - Swiftness                      Charms/Air                   2
   c - Repel Missiles                 Charms/Air                   2
   d - Static Discharge               Conjuration/Air              3
   e - Lightning Bolt                 Conjuration/Air              5
Comestibles
 c - 3 bread rations
 k - a meat ration


   Skills:
 + Level 2.5 Dodging
 + Level 2.2 Stealth
 + Level 2.8 Spellcasting
 + Level 1.4 Conjurations
 + Level 4.3 Air Magic


You had 2 spell levels left.
You knew the following spells:

 Your Spells              Type           Power        Failure   Level  Hunger
a - Shock                 Conj/Air       ##..         6%          1    None
b - Swiftness             Chrm/Air       ##......     12%         2    ##.....
c - Repel Missiles        Chrm/Air       ##....       12%         2    ##.....


Dungeon Overview and Level Annotations

Branches:
Dungeon (2/15)

Altars:


Message History

You feel sick. The adder barely misses you. The adder misses you.
You climb upwards.
There is a stone staircase leading down here.
* * * LOW HITPOINT WARNING * * *
You feel sick.
* * * LOW HITPOINT WARNING * * *
You feel sick.
Your magical contamination has completely faded away.
The adder barely misses you.
* * * LOW HITPOINT WARNING * * *
You feel sick. The adder misses you.
* * * LOW HITPOINT WARNING * * *
You feel sick. The adder completely misses you.
* * * LOW HITPOINT WARNING * * *
You feel sick. The adder barely misses you.
* * * LOW HITPOINT WARNING * * *
You feel sick. The adder bites you.
You die...

....###..#####.#.........##((##..
........##...#.#.............####
....#####......#..........#......
.#### #.......#................^
.# #.......#..........##..... .#
#.......#..........##..... .#
##.....###........####.... .#
##.....###........## ##### .##
#.......S@.....[...## ..##
#.......#...........##
#..#####)...................#
##............##......).....#
#########...###............#
##### ##...........#
##..........# ##........##
##..[.....##


You could see an adder.

Vanquished Creatures
  An adder (D:2)
  A dart slug (D:1)
  3 bats (D:1)
  A giant cockroach (D:1)
  A goblin (D:1)
  4 hobgoblins (D:1)
  5 kobolds (D:1)
  2 rats (D:1)
18 creatures vanquished.

Notes
Turn   | Place    | Note
-------+----------+-------------------------------------------
     0 | D:1      | McKennaii the High Elf Air Elementalist began the quest for the Orb.
     0 | D:1      | Reached XP level 1. HP: 11/11 MP: 4/4
   172 | D:1      | Reached skill level 4 in Air Magic
   321 | D:1      | Reached XP level 2. HP: 17/17 MP: 1/6
   325 | D:1      | Learned a level 2 spell: Swiftness
   328 | D:1      | Learned a level 2 spell: Repel Missiles
   797 | D:2      | Reached XP level 3. HP: 15/21 MP: 0/8
   826 | D:1      | HP: 1/21 [poisoned by an adder]
   826 | D:1      | Slain by an adder

Skill      XL: |  1 |
---------------+----+-----
Air Magic      | 4 |  4.3
Dodging        | |  2.5
Stealth        | |  2.2
Spellcasting   | |  2.8
Conjurations   | |  1.4

Action                   || total
-------------------------++-------
Melee: Unarmed           ||     7
 Cast: Shock             ||    46
       Repel Missiles    ||     1
Armor: Robe              ||     3
Dodge: Dodged            ||    18
